 Dungeon Crawl Stone Soup version 0.16-b1 (webtiles) character file.

142 abixa the Cudgeler (level 5, 24/38 HPs)
             Began as a Demonspawn Gladiator on Mar 11, 2015.
             Quit the game on level 3 of the Dungeon.
             The game lasted 00:07:10 (2554 turns).

abixa the Cudgeler (Demonspawn Gladiator)           Turns: 2554, Time: 00:07:10

Health: 24/38      AC:  3    Str: 15    XL:     5   Next: 4%
Magic:  5/5        EV: 12    Int: 10    God:
Gold:   189        SH:  0    Dex: 14    Spells: 0 memorised, 4 levels left

rFire  . . .     SeeInvis .     a - +0 flail
rCold  . . .     Clarity  .     b - +0 leather armour
rNeg   . . .     SustAb   .     (no shield)
rPois  .         Gourm    .     (helmet restricted)
rElec  .         Spirit   .     (no cloak)
rCorr  .         Warding  .     (no gloves)
rMut   .         Stasis   .     (no boots)
MR     .....                    (no amulet)
Stlth  +.........               (no ring)
                                (no ring)

@: not resistant to hostile enchantments, very unstealthy
A: antennae 1, powered by pain 1, spiny 1
a: no special abilities


You were on level 3 of the Dungeon.
You were hungry.

You visited 1 branch of the dungeon, and saw 3 of its levels.

You collected 189 gold pieces.

Inventory:

Hand weapons
 a - a +0 flail (weapon)
 t - a +0 spear
Missiles
 d - a throwing net
 e - 37 stones (quivered)
 g - 2 silver tomahawks
 i - 27 arrows
 p - 12 sling bullets
 s - 2 needles of slowing
Armour
 b - a +0 leather armour (worn)
 m - a +0 helmet
 q - a +0 pair of gloves
Magical devices
 c - a wand of polymorph (0)
 n - a wand of confusion (21)
Scrolls
 j - 4 scrolls of identify {unknown}
 k - a scroll of amnesia {unknown}
 o - a scroll of blinking {unknown}
Potions
 h - a potion of flight {unknown}
 l - a potion of curing {unknown}
Comestibles
 f - a bread ration
 r - 2 beef jerkies


   Skills:
 - Level 2.0 Fighting
 + Level 5.2 Maces & Flails
 - Level 1.7 Throwing
 - Level 2.6 Dodging


You had 4 spell levels left.
You didn't know any spells.

Dungeon Overview and Level Annotations

Branches:
Dungeon (3/15)

Altars:

Annotations:
D:1 scroll


Innate Abilities, Weirdness & Mutations

You have a pair of small antennae on your head.
You sometimes gain a little power by taking damage.
You are partially covered in sharp spines.


Message History

The adder bites you but does no damage.
You hit the adder.
The adder is severely wounded.
The adder barely misses you. The adder closely misses you.
You hit the adder.
The adder is severely wounded.
The adder completely misses you.
You barely miss the adder.
The adder is severely wounded.
The adder is struck by your spines.
You kill the adder!
You have reached level 5!
Your demonic ancestry asserts itself...
A pair of antennae grows on your head!
Your +0 helmet falls away!
You hit the hobgoblin.
You kill the hobgoblin!
Things that are here:
a club; an adder corpse Are you sure you want to abandon this character and quit the game? (Confirm with "yes".)

....## .......
..#.... .#..... .
##†..#
.....#######...#
........<)†..#...#
......####..##
#.#.. ...
##@####..... .
#...(...... #
####.....#....
#..#...........#
.#..............#
................#
...............##
.###.......%...#
#...........#


There were no monsters in sight!

Vanquished Creatures
  Terence (D:2)
  Robin (D:2)
  3 adders
  A worm (D:3)
  5 giant geckos
  6 bats
  3 giant cockroaches
  19 goblins
  9 hobgoblins
  7 jackals
  A ball python (D:1)
  9 giant newts
  8 kobolds (D:1)
  5 rats
  2 fungi (D:1)
80 creatures vanquished.

Notes
Turn   | Place    | Note
--------------------------------------------------------------
     0 | D:1      | abixa, the Demonspawn Gladiator, began the quest for the Orb.
     0 | D:1      | Reached XP level 1. HP: 16/16 MP: 1/1
    32 | D:1      | Reached skill level 3 in Maces & Flails
   157 | D:1      | Gained mutation: You are partially covered in sharp spines. [demonic ancestry]
   157 | D:1      | Reached XP level 2. HP: 12/22 MP: 2/2
   322 | D:1      | You fall through a shaft!
   811 | D:1      | Reached XP level 3. HP: 27/27 MP: 3/3
  1072 | D:1      | Reached skill level 4 in Maces & Flails
  1350 | D:2      | Noticed Robin
  1654 | D:2      | Killed Robin
  1654 | D:2      | Gained mutation: You sometimes gain a little power by taking damage. [demonic ancestry]
  1654 | D:2      | Reached XP level 4. HP: 33/33 MP: 4/4
  2060 | D:2      | Noticed Terence
  2168 | D:2      | Killed Terence
  2320 | D:2      | Reached skill level 5 in Maces & Flails
  2551 | D:3      | Gained mutation: You have a pair of small antennae on your head. [demonic ancestry]
  2551 | D:3      | Reached XP level 5. HP: 24/38 MP: 5/5
  2554 | D:3      | Quit the game

Action                   |  1- 3 |  4- 6 || total
-------------------------+-------+-------++-------
Melee: Flail             |   140 |   112 ||   252
       Unarmed           |       |     1 ||     1
Throw: Throwing net      |     3 |     5 ||     8
       Stone             |     1 |    10 ||    11
 Stab: Held in net/web   |       |     3 ||     3
  Eat: Chunk             |     3 |     2 ||     5
